[Event "4NCL 2022-2023"]
[Site "Daventry"]
[Date "2023.01.14"]
[Round "3.12"]
[White "Willow, Jonah B"]
[Black "Turner, Matthew J"]
[Result "0-1"]
[ECO "B12"]
[WhiteElo "2431"]
[BlackElo "2451"]
[Annotator "TA"]
[PlyCount "70"]
[EventDate "2022.10.20"]
[EventType "team-tourn"]
[EventCountry "ENG"]
[SourceTitle "playchess.com"]
[Source "ChessBase"]
[SourceQuality "1"]
[TimeControl "40/6000+30:2400+30"]

1. e4 c6 2. d4 d5 3. e5 c5 4. Nf3 Nc6 5. dxc5 e6 6. Be3 {[%emt 0:01:05] B12: Caro-Kann: Advance Variation.} Nh6 7. Bb5 ({White should try} 7. Bxh6 $14 gxh6 8. Nc3) 7... Nf5 $11 8. Bd4 {[%emt 0:03:54] The position is equal.} Bd7 9. Bxc6 Bxc6 10. O-O g5 {[%emt 0:20:57] [#]} 11. g4 $146 (11. c3 $14 {stays ahead.}) ({Predecessor:} 11. c3 g4 12. Ne1 Rg8 13. Nd3 Bh6 14. g3 Qg5 15. a4 Qh5 16. b4 Qh3 17. Ra2 {0-1 Petrosian,D (2363)-Mahjoob,M (2442) Lahijan op 4th 2005 (10)}) 11... Nxd4 $17 12. Qxd4 h5 13. Nbd2 b6 (13... hxg4 $15 14. Qxg4 Bxc5) 14. b4 (14. gxh5 $11 bxc5 15. Qg4) 14... bxc5 $15 15. bxc5 Qa5 (15... hxg4 $15 16. Qxg4 Bxc5) 16. Nb3 Qa4 17. h3 Rc8 18. Rac1 ({Reject} 18. Nxg5 Qxd4 19. Nxd4 Bxc5 20. Nxc6 Rxc6 $17) 18... Be7 19. Rfd1 hxg4 20. hxg4 Kf8 21. Qxa4 Bxa4 22. Rd4 Be8 23. Kg2 a5 {[%emt 0:04:04][%mdl 64] Deflection} 24. Nxa5 Bxc5 25. Rd3 Bb6 26. Nb7 (26. Nb3 $11) 26... Rc4 $36 {[%emt 0:00:12][%mdl 2048] White is under pressure.} 27. Kg3 {[%emt 0:00:27][%mdl 8192] [#] White does not recover from this.} ({White has to play} 27. Nxg5 $15 Rxg4+ 28. Rg3) 27... f5 $1 $19 28. Nh2 {[%emt 0:04:00] [#]} Bxf2+ $1 {[%emt 0:01:29][%mdl 576] Decoy} 29. Kg2 (29. Kxf2 Rxh2+) 29... Bd4 {[%emt 0:01:17] Black is clearly winning.} (29... fxg4 $2 {too greedy.} 30. Rf1 Rf4 31. Rxf2 $19) 30. gxf5 Bxe5 31. Nf3 Rg4+ 32. Kf2 Bg3+ {[%emt 0:00:08] This pair of bishops is nice.} 33. Ke2 Re4+ (33... exf5 $2 {perishes.} 34. Rxd5 Bf4 35. Re1 $19) 34. Kf1 Bb5 {[%emt 0:04:11] ...Rh1+ is the strong threat.} 35. Kg2 Bf4 {[%emt 0:00:24] Weighted Error Value: White=0.53/Black=0.12 (very precise)} 0-1

[Event "4NCL 2022-2023"]
[Site "Daventry"]
[Date "2023.01.14"]
[Round "3.14"]
[White "Yao, Lan"]
[Black "Bobras, Piotr"]
[Result "1/2-1/2"]
[ECO "B31"]
[WhiteElo "2271"]
[BlackElo "2491"]
[Annotator "TA"]
[PlyCount "88"]
[EventDate "2022.10.20"]
[EventType "team-tourn"]
[EventCountry "ENG"]
[SourceTitle "playchess.com"]
[Source "ChessBase"]
[SourceQuality "1"]
[TimeControl "40/6000+30:2400+30"]

1. e4 c5 2. Nf3 Nc6 3. Bb5 g6 4. O-O Bg7 5. Re1 Nf6 6. Bxc6 dxc6 7. d3 Bg4 {[%emt 0:06:48][%cal Oc5c4] B31: Sicilian: 2...Nc6 3 Bb5 g6.} 8. h3 Bxf3 9. Qxf3 Nd7 {[%emt 0:01:03][%cal Bf6d7,Bd7f8,Bf8e6,Be6d4][%mdl 32] [#]} 10. Qe2 $146 ({Predecessor:} 10. a4 a5 11. Nd2 O-O 12. Qe2 Qc7 13. Rf1 e5 14. Nc4 Rae8 15. Bd2 b6 16. c3 {1-0 Ivic,V (2581)-Svane,F (2438) FIDE World Cup Europe Hybrid Qual 2021 (2.2)}) 10... Nf8 11. f4 c4 12. Nc3 (12. dxc4 $5 Bxb2 {[%mdl 64] Decoy} 13. Bxb2 Qb6+ 14. Qe3 Qxb2 15. Nd2 $11) 12... cxd3 13. cxd3 Ne6 14. Be3 Bd4 15. Qf2 Qb6 16. Rac1 (16. Bxd4 {simplifies} Qxd4 17. Qxd4 Nxd4 18. Rac1) 16... Rd8 17. f5 Bxe3 18. Rxe3 ({But not} 18. Qxe3 Nf4 19. Rcd1 (19. Qxb6 axb6 20. Rc2 Rg8 $17) 19... Nxd3 20. Qxb6 axb6 $17) 18... Nd4 19. Na4 $1 Qc7 20. Nc3 Qe5 21. Ne2 Nxe2+ 22. Qxe2 O-O 23. Rf1 Rd4 24. Ref3 f6 25. fxg6 hxg6 26. Re3 Kf7 27. Qg4 Rfd8 28. Rff3 Rh8 29. Rg3 g5 (29... Rg8 $15) 30. Ref3 $11 {[%emt 0:04:47] The position is equal.} Rh4 (30... Rb4 {keeps more tension.} 31. b3 Qd4+ 32. Kh2 Rb5) 31. Qxg5 Qxg5 32. Rxg5 Rxd3 $1 33. Rxd3 fxg5 {[%emt 0:00:02][%mdl 4096] Endgame KR-KR} 34. Rd7 b5 35. Rxa7 Rxe4 36. Kf2 Rc4 37. Kf3 Kf6 38. b3 Rc2 39. g3 c5 40. Kg4 c4 41. bxc4 Rxc4+ 42. Kf3 Rc3+ 43. Kg4 Rc4+ 44. Kf3 Rc3+ {[%emt 0:00:00] Weighted Error Value: White=0.07 (flawless) /Black=0.06 (flawless)} 1/2-1/2

[Event "4NCL 2022-2023"]
[Site "Daventry"]
[Date "2023.01.14"]
[Round "3.15"]
[White "Kolbus, Dietmar"]
[Black "Hunt, Harriet V"]
[Result "1/2-1/2"]
[ECO "A17"]
[WhiteElo "2292"]
[BlackElo "2348"]
[Annotator "TA RC"]
[PlyCount "91"]
[EventDate "2022.10.20"]
[EventType "team-tourn"]
[EventCountry "ENG"]
[SourceTitle "playchess.com"]
[Source "ChessBase"]
[SourceQuality "1"]
[TimeControl "40/6000+30:2400+30"]

1. Nf3 Nf6 2. c4 e6 3. Nc3 Bb4 4. Qc2 O-O 5. a3 Bxc3 6. Qxc3 b6 7. g3 Bb7 8. Bg2 a5 9. b3 d6 10. O-O Nbd7 11. d3 Re8 {[%emt 0:04:35] A17: English Opening: 1...Nf6 with ...Bb4.} 12. Bb2 e5 13. e4 Nc5 {[%emt 0:06:45] [#] White has an edge.} 14. Rfe1 $146 ({Predecessor:} 14. Nh4) 14... a4 15. b4 Nb3 16. Rab1 c5 17. Nd2 Nd4 18. Qc1 Ra7 19. Qd1 Bc8 20. h3 Ne6 21. Nf3 Bd7 22. Ba1 Qc8 23. Kh2 h6 24. Qd2 Nh7 25. Ng1 Qd8 (25... Nd4 $11) 26. Bc3 Nd4 27. f4 f5 (27... Nb3 $14 28. Qf2 Nf6) 28. bxc5 bxc5 29. Bxd4 ({White should play} 29. fxe5 $16 {aiming for Bxd4.} dxe5 30. exf5) 29... exd4 $14 30. exf5 Rxe1 31. Rxe1 {[%emt 0:00:27] Threatens to win with g4.} Bxf5 32. g4 Bg6 33. f5 Bf7 34. Qf4 Ra6 {[%emt 0:02:10] Black is weak on the light squares} 35. Rb1 Rb6 36. Rxb6 Qxb6 37. h4 Nf6 38. g5 (38. Nh3 $5 ) 38... Nh5 39. Qe4 {[%emt 0:02:52] [#] White threatens Qa8+ and mate.} Qb8 {[%emt 0:01:08] ( -> ...d5+)} 40. Qa8 Qxa8 41. Bxa8 hxg5 42. hxg5 $11 {[%emt 0:00:00] g6 is the strong threat. KBN-KBN} Nf4 43. g6 Be8 (43... Nxd3 $1 $11 {and Black has nothing to worry.} 44. gxf7+ Kxf7) 44. Be4 $18 {[%emt 0:00:00] White is clearly better.} Kf8 45. Kg3 Nh5+ {[%emt 0:00:08] [#]} 46. Kh4 {[%emt 0:00:00] Weighted Error Value: White=0.10 (very precise) /Black=0.24 (precise)} (46. Kf3 $1 $16) 1/2-1/2

[Event "4NCL 2022-2023"]
[Site "Daventry"]
[Date "2023.01.14"]
[Round "3.16"]
[White "Kalaiyalahan, Akshaya"]
[Black "Terbe, Julianna"]
[Result "1/2-1/2"]
[ECO "A07"]
[WhiteElo "2155"]
[BlackElo "2269"]
[Annotator "TA"]
[PlyCount "140"]
[EventDate "2022.10.20"]
[EventType "team-tourn"]
[EventCountry "ENG"]
[SourceTitle "playchess.com"]
[Source "ChessBase"]
[SourceQuality "1"]
[TimeControl "40/6000+30:2400+30"]

1. Nf3 d5 2. b3 Bf5 3. Bb2 e6 4. g3 Nf6 5. Bg2 Be7 6. O-O O-O 7. d3 h6 8. Nbd2 Nbd7 9. Ne5 {[%emt 0:02:53] A07: Réti Opening: New York and Capablanca Systems.} Nxe5 10. Bxe5 c6 11. e4 {[%emt 0:05:47] [#]} Bg4 $146 ({Predecessor:} 11... Bh7 12. Qe2 dxe4 13. dxe4 Nd7 14. Bb2 Bf6 15. c3 Qc7 16. Nc4 Rfd8 17. Ne3 Be7 {½-½ Henriquez Villagra,C (2587)-Moskalenko,V (2475) Vallfogona rapid op 27th 2019 (6)}) 12. f3 Bh5 13. g4 Bg6 14. Bb2 dxe4 15. dxe4 Bc5+ 16. Kh1 Bd4 (16... Qc7 $142) 17. Bxd4 $11 Qxd4 18. Nc4 Rfd8 19. Qxd4 Rxd4 20. a4 (20. Rfd1 $5 Rad8 21. Rxd4 Rxd4 22. Kg1 $14) 20... Rad8 21. a5 a6 22. Rfe1 h5 23. g5 Ne8 24. Bf1 f6 25. gxf6 (25. Bd3 $5 ) 25... gxf6 26. c3 R4d7 27. e5 Bf5 28. Kg1 Kg7 29. f4 Bc2 30. b4 Nc7 31. Rac1 Bh7 32. Be2 h4 (32... Kh6 $11 {keeps the balance.}) 33. Bg4 (33. Kf2 $16) 33... Kf7 34. Nd6+ Ke7 $1 35. Nxb7 Rg8 36. exf6+ $1 Kxf6 37. h3 $36 {[%emt 0:00:06][%mdl 2048] White is more active.} Bf5 38. Nc5 Rdd8 39. Ne4+ Ke7 $1 (39... Bxe4 40. Rxe4 Rd3 41. Kf2 $16) 40. Ng5 Bxg4 (40... Rdf8 $5 ) 41. hxg4 Rd3 {[%emt 0:43:34] Prevents Re3.} 42. Kf2 Rg3 $1 {[%emt 0:01:40] [#]} 43. Rg1 {[%emt 0:00:00] White is more active.} (43. Nxe6 $1 $16 Nxe6 44. f5 {[%mdl 64] Pin} R8xg4 45. Rxe6+ Kf7 46. Rxc6) 43... Rxg1 $1 44. Rxg1 {[%emt 0:00:00][%mdl 4096] Endgame And now Re1 would win. KRN-KRN} Nd5 45. Kf3 Rf8 46. Nh3 Nxf4 {[%emt 0:00:00][%mdl 64] [#] Remove Defender} 47. Nxf4 {[%emt 0:00:00] KRN-KR} e5 {[%emt 0:00:00][%mdl 64] Pin} 48. Ke4 exf4 {[%emt 0:00:00] KR-KR} 49. Kf3 {[%emt 0:00:00] Black must now prevent Rh1.} Kf6 50. Re1 Kg5 $2 (50... c5 $11) 51. Re5+ $18 Kg6 52. Rh5 Rd8 53. Kxf4 ({Not} 53. Rxh4 Rd3+ 54. Kxf4 Rxc3 $18) 53... Rd3 54. Rxh4 $2 ({White should play} 54. Ke4 $18 Rxc3 55. Kd4) 54... Rxc3 $11 {[%emt 0:00:00] The position is equal.} 55. Rh5 Rc4+ 56. Kf3 Rc3+ 57. Kf4 Rc4+ 58. Kf3 Rc3+ (58... Rxb4 $2 59. Rc5 $18) 59. Ke2 {[%emt 0:00:00] Rc5 would be deadly.} Rc4 60. Rc5 Rxg4 61. Rxc6+ Kf5 62. Rxa6 (62. Rb6 $5 Ke5 $8 63. b5 (63. Rxa6 Rxb4 64. Rg6 Rb3 $11) 63... axb5 64. Kf3 $11 (64. Rxb5+ Kd6 $11)) 62... Rxb4 63. Kd3 Ke5 64. Kc3 Rh4 65. Rg6 Kd5 66. Kb3 Kc5 67. a6 {[%emt 0:00:05] Strongly threatening a7.} Kb5 68. a7 Rb4+ 69. Kc3 (69. Ka3 $5 Ra4+ $8 70. Kb3 Rxa7 71. Rg5+ Kc6 72. Kc4 $11) 69... Rc4+ 70. Kd3 Ra4 {[%emt 0:00:04] Weighted Error Value: White=0.18 (very precise) /Black=0.11 (very precise)} 1/2-1/2

[Event "4NCL 2022-2023"]
[Site "Daventry"]
[Date "2023.01.14"]
[Round "3.17"]
[White "Makkar, Rajat"]
[Black "Murphy, Conor E"]
[Result "1-0"]
[ECO "C50"]
[WhiteElo "2425"]
[BlackElo "2429"]
[Annotator "TA"]
[PlyCount "83"]
[EventDate "2022.10.20"]
[EventType "team-tourn"]
[EventCountry "ENG"]
[SourceTitle "playchess.com"]
[Source "ChessBase"]
[SourceQuality "1"]
[TimeControl "40/6000+30:2400+30"]

1. e4 e5 2. Nf3 Nc6 3. Bc4 Bc5 4. O-O Nf6 5. d4 Bxd4 6. Nxd4 Nxd4 7. Bg5 h6 8. Bh4 {[%emt 0:00:20] C50: Hungarian Defence and Giuoco Pianissimo.} d6 (8... Qe7 $1 $15) 9. f4 $1 $11 Bg4 (9... Be6 $5 10. Na3 Nc6 $11) 10. Bxf6 {[%emt 0:00:25] Black has an edge.} Bxd1 11. Bxd8 Rxd8 12. c3 (12. Rxd1 $5 Nxc2 13. Nc3 $15 (13. Bb5+ c6 $17)) 12... Be2 13. cxd4 Bxc4 14. Rc1 Ba6 15. Rxc7 exd4 (15... O-O $5 16. fxe5 dxe5 $15) 16. Nd2 {[%emt 0:24:08] [#]} (16. Na3 $5 ) 16... O-O $146 ({Predecessor:} 16... Rd7 17. Rac1 Ke7 18. Kf2 Rhd8 19. Nf3 d3 20. Ke3 Rxc7 21. Rxc7+ Rd7 22. Rc3 g6 {1-0 Abdusattorov,N (2627)-Grischuk,A (2777) Titled Tuesday intern op 14th July f blitz 2020 (1.2)}) 17. b4 Rfe8 18. a4 Bd3 19. Rxb7 f5 (19... Rc8 $5 20. e5 (20. Rxa7 Rc2 $17) 20... dxe5 21. fxe5 Rxe5 $15) 20. Rxa7 (20. exf5 Re2 21. Nf3 Be4 $19) 20... fxe4 {[%emt 0:02:12] White must now prevent ...Bc2.} 21. Nb3 e3 {[%emt 0:01:41] Threatens to win with ...Re4.} 22. Nxd4 Re4 23. Nf3 Rxb4 24. Re7 e2 25. Kf2 d5 (25... Rxf4 $2 26. Ke3 Kf8 27. Ra7 Rxf3+ 28. gxf3 Re8+ 29. Kf2 $18 (29. Kxd3 e1=Q $18)) 26. a5 Rd6 (26... Rxf4 27. Ke3 Re4+ 28. Rxe4 dxe4 29. Nd4 $16) 27. g3 d4 28. Rc1 Bc4 29. Re4 ({But not} 29. Ne5 $2 d3 30. Nxc4 (30. Re8+ $2 Kh7 $19) 30... Rxc4 31. Rxc4 d2 32. Rc8+ (32. Kxe2 d1=Q+ 33. Ke3 Rd3+ 34. Ke4 Qe2+ {[%mdl 64] Skewer} 35. Kf5 Qh5+ {[%mdl 64] Skewer} 36. Ke6 Qd5#) 32... Kh7 $19) (29. f5 {feels hotter.} d3 30. Re4 Bd5 31. Rxb4 Bxf3 32. Rb2) 29... Ba6 30. Rc7 Rb1 {[%emt 0:00:59] ...d3 is the strong threat.} 31. Re8+ Kh7 {[%emt 0:00:02] Strongly threatening ...d3.} 32. Ree7 $1 Rf1+ 33. Kg2 Rxf3 $2 34. Kxf3 {[%emt 0:00:11][%mdl 4096] Endgame KRR-KRB} d3 (34... Kh8 $142) 35. Rxg7+ $18 Kh8 36. Rge7 Rd8 {[%emt 0:00:27] Repels Re8+} 37. f5 $1 d2 38. Rh7+ {[%emt 0:00:46] White mates.} Kg8 39. f6 ({Inferior is} 39. Rhg7+ Kf8 40. Rcf7+ Ke8 41. Re7+ Kf8 42. Rgf7+ Kg8 43. Rg7+ Kf8 44. Rgf7+ Kg8 45. Rg7+ Kf8 $11) 39... e1=N+ {[%emt 0:01:49] [#]} 40. Kf2 $1 Nd3+ {[%emt 0:00:00] [#]} 41. Kg2 $1 Ne1+ 42. Kh1 {[%emt 0:00:00] An entertaining game by Makkar.   Weighted Error Value: White=0.23 (precise) /Black=0.45} 1-0

[Event "4NCL 2022-2023"]
[Site "Daventry"]
[Date "2023.01.14"]
[Round "3.18"]
[White "McClement, Andrew"]
[Black "Moreby, James"]
[Result "0-1"]
[ECO "B90"]
[WhiteElo "2220"]
[BlackElo "2347"]
[Annotator "TA"]
[PlyCount "150"]
[EventDate "2022.10.20"]
[EventType "team-tourn"]
[EventCountry "ENG"]
[SourceTitle "playchess.com"]
[Source "ChessBase"]
[SourceQuality "1"]
[TimeControl "40/6000+30:2400+30"]

1. e4 c5 2. Nf3 d6 3. d4 cxd4 4. Nxd4 Nf6 5. Nc3 a6 6. Be3 Ng4 7. Bg5 h6 8. Bh4 g5 9. Bg3 Bg7 10. Be2 h5 11. Bxg4 Bd7 12. Bf5 Bxf5 13. f3 Bd7 14. Qd2 Nc6 15. Bf2 Ne5 16. b3 {[%emt 0:00:10] B90: Sicilian Najdorf: Unusual White 6th moves, 6 Be3 Ng4 and 6 Be3 e5.} (16. Qxg5 $2 Bh6 17. Qg3 (17. Qxh5 $2 Bd2+ 18. Kxd2 Rxh5 $19) 17... h4 18. Qxh4 Ng6 $19) 16... Rc8 (16... h4 $11) 17. Nd5 $1 $14 {[%emt 0:14:24] [#]} b5 $146 (17... Rc5 $14) ({Predecessor:} 17... h4 18. h3 e6 19. Nf5 exd5 20. Nxg7+ Kf8 21. Nf5 Bxf5 22. exf5 Qf6 23. O-O Qxf5 24. Qxd5 Rxc2 25. Qxb7 {1-0 Firouzja,A (2558)-Darini,P (2497) IRI-ch Bushehr 2018 (8)}) 18. O-O-O $16 {[%emt 0:12:02] White is better.} (18. Qxg5 Bh6 19. Qg3 (19. Qxh5 $2 Bd2+ {[%mdl 64] Discovered Attack} 20. Kxd2 Rxh5 $19) (19. Qh4 $2 Ng6 $19) 19... h4 20. Qxh4 Ng6 $15) 18... Be6 19. Kb1 (19. Qxg5 $2 {loses.} Bh6 $19) 19... Bxd5 20. exd5 Bf6 21. Rhe1 Qd7 22. h3 (22. Be3 $5 ) 22... Kf8 (22... Rg8 $14) 23. f4 $1 gxf4 24. Qxf4 Qb7 25. Qe4 Rg8 26. Nf5 (26. Be3 {simplifies} a5 27. Bh6+ Ke8 28. Bf4) 26... Nc4 {[%emt 0:00:44] White must now prevent ...Na3+.} 27. bxc4 ({White should try} 27. Re2 $1) 27... bxc4+ 28. Kc1 {[%emt 0:00:01] Kd2 is the strong threat.} Rxg2 $2 29. Qxg2 $18 c3 {[%emt 0:00:08] [#]} (29... Qb2+ {was worth a try.} 30. Kd2 Qc3+ 31. Ke2 Qxc2+ 32. Rd2 Qxf5) 30. Rd4 $1 Qb2+ $1 $11 31. Kd1 Qb1+ 32. Ke2 Qxc2+ 33. Kf1 Qxf5 34. Qe4 Qxh3+ 35. Kg1 (35. Ke2 $1 $11) 35... Bxd4 $17 36. Bxd4 (36. Qxe7+ $2 {too greedy.} Kg8 37. Bxd4 Qg3+ 38. Kh1 Qf3+ 39. Kg1 Qg4+ 40. Kh2 Qf4+ 41. Kh3 Qxd4 $19) 36... Qg4+ (36... Qg3+ {feels hotter.} 37. Kf1 c2 38. Bb2 Rc7) 37. Qxg4 hxg4 {[%emt 0:00:04][%mdl 4096] Endgame KRB-KR} 38. Kf2 c2 39. Rh1 Ke8 (39... c1=B $2 40. Rh8#) 40. Rh8+ $2 (40. Be3 $17) 40... Kd7 $19 41. Rxc8 Kxc8 {[%emt 0:40:06] KB-KP} 42. Be3 Kd7 43. Ke2 e5 $2 (43... e6 $19 44. Kd2 exd5) 44. Kd3 (44. Kd2 $11 {remains equal.}) 44... f5 (44... Ke7 $1 $17 45. Kxc2 Kf6) 45. Kxc2 $11 f4 46. Bb6 e4 47. Kd2 Ke7 48. Bc7 $1 g3 49. Ke2 f3+ 50. Ke1 $2 {[%emt 0:00:00][%mdl 8192] [#]} (50. Kf1 e3 51. a3 g2+ 52. Kg1 e2 $19) (50. Kd2 $11) 50... e3 $1 51. Bb6 {[%emt 0:00:00] [#]} e2 $1 {[%emt 0:00:00] ( -> ...Kf6)} 52. Be3 g2 (52... Kf6 $142 53. Bf4 g2) 53. a4 Kf6 {[%emt 0:00:00] Black mates.} 54. a5 Kf5 55. Bf2 Ke4 56. Kd2 Kxd5 57. Bg1 Kc4 58. Bf2 d5 59. Bg1 Kb5 60. Bb6 {[%emt 0:00:00] [#]} d4 $1 {[%emt 0:00:00][%mdl 576] Deflection} 61. Bxd4 Kxa5 62. Ke1 Kb4 63. Be3 Kb3 64. Kd2 a5 65. Bb6 a4 66. Bc5 a3 67. Bf2 a2 68. Bd4 {[%emt 0:00:22] [#]} a1=Q $1 {[%emt 0:00:00][%mdl 576] Deflection, Promotion} 69. Bxa1 (69. Ke3 g1=Q+) 69... g1=Q 70. Be5 e1=Q+ 71. Kd3 Qxe5 72. Kd2 f2 73. Kd3 f1=Q+ 74. Kd2 Qff2+ 75. Kd3 Qee3# {[%emt 0:00:00] A wild game. A superb game by Moreby.   Weighted Error Value: White=0.46/Black=0.39} 0-1

[Event "4NCL 2022-2023"]
[Site "Daventry"]
[Date "2023.01.14"]
[Round "3.19"]
[White "Grieve, Harry"]
[Black "Gallagher, Daniel GH"]
[Result "1/2-1/2"]
[ECO "B98"]
[WhiteElo "2438"]
[BlackElo "2204"]
[Annotator "TA"]
[PlyCount "101"]
[EventDate "2022.10.20"]
[EventType "team-tourn"]
[EventCountry "ENG"]
[SourceTitle "playchess.com"]
[Source "ChessBase"]
[SourceQuality "1"]
[TimeControl "40/6000+30:2400+30"]

1. e4 c5 2. Nf3 d6 3. d4 cxd4 4. Nxd4 Nf6 5. Nc3 a6 6. Bg5 e6 7. f4 h6 8. Bh4 Be7 9. Qf3 $1 Nc6 {[%emt 1:43:02] B98: Sicilian Najdorf: 6 Bg5 e6 7 f4 Be7, sidelines.} 10. O-O-O Nxd4 11. Rxd4 {[%emt 0:00:05] And now e5 would win.} Qb6 {[%emt 0:00:00] White has an edge.} 12. Rd2 {[%emt 0:06:49] Threatens to win with e5.} (12. a3 $5) 12... Qa5 {[%emt 0:00:00] [#]} 13. Kb1 $146 ({Predecessor:} 13. a3 Bd7 14. e5 Bc6 15. Qg3 g5 16. Qe1 gxh4 17. exf6 Bxf6 18. Ne4 Bxe4 19. Qxe4 Bxb2+ {0-1 Kollias,I (1737)-Kanakaris,G (2389) GRE CupT final 40th 2022 (1.4)}) 13... Bd7 $1 14. Be2 Bc6 15. Rhd1 $36 {[%emt 0:15:27][%mdl 2048] White has good play.} O-O-O ({Better is} 15... d5 $11) 16. Qe3 (16. Rd4 $14) 16... g5 (16... Qc5 $1 $11 17. Qxc5 dxc5) 17. Bg3 (17. Bf2 $14) 17... Qc5 $1 $11 18. Qf3 d5 (18... g4 $1 $11 19. Qf1 (19. Qd3 d5 $15) 19... Nxe4 20. Nxe4 Bxe4) 19. exd5 (19. fxg5 $16 hxg5 20. exd5 Nxd5 21. Nxd5 (21. Qxf7 Nxc3+ 22. bxc3 Rxd2 $11 {[%mdl 64] Remove Defender}) 21... Bxd5 22. Qxf7) 19... Nxd5 20. Ne4 Qa5 (20... Nc3+ $1 $11 21. Qxc3 (21. Nxc3 $2 Bxf3 22. Bxf3 Rxd2 $19) (21. bxc3 Rxd2 22. Rxd2 Qb6+ 23. Ka1 Ba3 $17) 21... Bxe4) 21. fxg5 $18 Rhf8 22. gxh6 f5 {[%emt 0:01:06] [#]} 23. Nc3 (23. Nf2 f4 24. Ne4 fxg3 25. Qxg3 Qc7 $15) ({Only move:} 23. h7 $1 $18 {[%cal Od2d4] Rd4! is the strong threat.} Qb6 24. Be5 fxe4 25. Qh3) 23... f4 24. Bf2 {[%emt 0:02:09] aiming for Qg4.} (24. Qg4 $2 Nxc3+ 25. bxc3 Rxd2 26. Rxd2 (26. Qxe6+ $2 Rd7 $19) 26... Qb6+ 27. Ka1 Qe3 $19) (24. Be1 $5 Ne3 25. Qh3 $16 (25. Rxd8+ Bxd8 26. Qh3 Nxd1 $11)) 24... Ne3 {[%emt 0:00:49] Inhibits Qg4.} 25. Rxd8+ Bxd8 26. Qh3 (26. Rxd8+ $16 Qxd8 27. Qh5) 26... Nxd1 $11 27. Qxe6+ Bd7 28. Qc4+ Qc7 $1 29. Qxc7+ ({Much weaker is} 29. Nxd1 Qxc4 30. Bxc4 Rh8 $17) 29... Bxc7 30. Bxd1 ({Of course not} 30. Nxd1 Rh8 31. h4 Rxh6 $17) 30... Rh8 31. Nd5 Rxh6 32. h3 b5 33. Bf3 Be6 34. Kc1 Bxd5 35. Bxd5 Bb6 36. Bxb6 Rxb6 {[%emt 0:00:04][%mdl 4096] Endgame KR-KB} 37. c4 bxc4 38. Bxc4 Rc6 39. b3 a5 40. Kd2 (40. Kc2 $11 {remains equal.}) 40... Rg6 $17 41. Ke2 (41. Bf1 $17) 41... Rxg2+ $19 42. Kf3 Rxa2 {[%emt 0:00:00] Strongly threatening ...Kc7.} 43. Kxf4 Kd8 44. Ke5 {[%emt 0:02:51] [#]} Rh2 $2 (44... Kc7 $1 $19 {White must now prevent ...Rf2.} 45. Kd4 Rf2) 45. Kd6 $11 {[%emt 0:00:02] The position is equal.} Rxh3 46. Kc6 Rh5 47. Kb6 Ke7 48. Bb5 Rh3 49. Ba4 Rxb3+ 50. Bxb3 a4 51. Bxa4 {[%emt 0:00:08] What a bad dream for Black. An exciting game.   Weighted Error Value: White=0.29 (precise) /Black=0.27 (precise)} 1/2-1/2

[Event "4NCL 2022-2023"]
[Site "Daventry"]
[Date "2023.01.14"]
[Round "3.20"]
[White "Hill, Alistair"]
[Black "Roberson, Peter T"]
[Result "0-1"]
[ECO "B12"]
[WhiteElo "2172"]
[BlackElo "2419"]
[Annotator "TA"]
[PlyCount "68"]
[EventDate "2022.10.20"]
[EventType "team-tourn"]
[EventCountry "ENG"]
[SourceTitle "playchess.com"]
[Source "ChessBase"]
[SourceQuality "1"]
[TimeControl "40/6000+30:2400+30"]

1. e4 c6 2. d4 d5 3. f3 e6 4. Nc3 Bb4 5. Bd2 Ne7 6. a3 {[%emt 0:01:25] B12: Caro-Kann: Advance Variation.} Ba5 7. Nge2 O-O 8. Bg5 {[%emt 0:01:08] The position is equal.} Nd7 9. Qd2 {[%emt 0:01:28] [#]} b5 $146 ({Predecessor:} 9... f6 10. Be3 e5 11. b4 Bb6 12. exd5 cxd5 13. Rd1 Re8 14. g4 Nc6 15. Nxd5 exd4 16. Nxb6 {0-1 Lie,K (2284)-Ledger,A (2441) Bergen Sommer op 2000 (8)}) 10. Nc1 Bb6 11. e5 (11. N1e2 $15) 11... f6 (11... h6 $17 12. Bxe7 Qxe7) 12. exf6 $15 gxf6 13. Be3 Nf5 14. Bf2 e5 (14... Qe7 $5 15. Nb3 a5 $15) 15. Nb3 a5 {[%emt 0:01:56] aiming for ...a4.} 16. dxe5 (16. Bd3 $1 $11 {keeps the balance.} Nxd4 17. Nxd4 (17. Qh6 Qe7 $17) 17... Bxd4 18. Bxd4 (18. Qh6 $2 Bxf2+ 19. Kxf2 Rf7 $17) 18... exd4 19. Ne2) 16... Bxf2+ ({Stronger than} 16... Nxe5 17. O-O-O $15) ({Black should try} 16... fxe5 $17 17. Bd3 a4 18. Bxf5 Bxf2+ 19. Qxf2 Rxf5) 17. Qxf2 fxe5 18. Bd3 Nf6 (18... Ng7 $5 ) 19. O-O d4 {[%emt 0:03:09] Threatens to win with ...a4.} (19... a4 $5 20. Bxf5 Bxf5 $15) 20. Nd1 Kh8 21. Re1 Qd6 22. a4 bxa4 (22... Nd5 $11) 23. Rxa4 $16 Nd5 24. Rxa5 Rb8 {[%emt 0:00:57] [#]} 25. Nd2 $1 Nfe3 26. Nxe3 dxe3 27. Qh4 $40 {[%emt 0:00:06][%csl Gd3][%cal Rh4h7][%mdl 128] White attacks with force.} Bf5 {[%emt 0:02:33] [#]} 28. Nc4 Qc7 29. Ra3 Bxd3 30. Rxd3 $4 (30. cxd3 $16 {is necessary to keep the advantage. Rea1 would be deadly.} Qg7 31. Qg3 (31. Nxe3 Rxb2 32. Qg3 Nf4 $14)) 30... Rf4 $19 31. Qh3 Rxc4 32. Rexe3 Rxc2 33. Re4 Rbxb2 (33... Qa7+ $142 34. Red4 Nf4 35. Qh4 Rc1+ 36. Qe1 Rxe1+ 37. Kf2 Nxd3+ 38. Kg3 Qxd4 39. f4 Qxf4+ 40. Kh3 Nf2#) 34. Rd1 Rxg2+ {[%emt 0:00:21] Quite a comeback for Black.   Weighted Error Value: White=0.73/Black=0.38} 0-1